 Dungeon Crawl Stone Soup version 0.23-a0-130-g0e7800e (webtiles) character file.

46 Amnesiac the Gusty (level 3, -4/24 HPs)
             Began as a Mummy Air Elementalist on Aug 28, 2018.
             Killed from afar by an orc wizard (6 damage)
             ... with a magic dart
             ... on level 3 of the Dungeon.
             The game lasted 00:01:55 (912 turns).

Amnesiac the Gusty (Mummy Air Elementalist)          Turns: 912, Time: 00:01:56

Health: -4/24      AC:  2    Str: 11    XL:     3   Next: 46%
Magic:  0/7        EV: 12    Int: 15    God:
Gold:   41         SH:  0    Dex: 12    Spells: 5/8 levels left

rFire    x . .     SeeInvis .   b - +3 dagger
rCold    + . .     Gourm    .   (no shield)
rNeg     + + +     Faith    .   a - +0 robe
rPois    ∞         Spirit   .   (no helmet)
rElec    .         Reflect  .   (no cloak)
rCorr    .         Harm     .   (no gloves)
MR       .....                  (no boots)
Stlth    ++........             (no amulet)
HPRegen  0.08/turn              (no ring)
MPRegen  0.10/turn              (no ring)

@: no status effects
A: no food or potions, fire vulnerability, cold resistance 1, negative energy
resistance 3, torment resistance, unbreathing
a: no special abilities


You were on level 3 of the Dungeon.
You were not hungry.

You visited 1 branch of the dungeon, and saw 3 of its levels.

You collected 41 gold pieces.

Inventory:

Hand Weapons
 b - a +3 dagger (weapon)
Armour
 a - a +0 robe (worn)
Wands
 d - a wand of random effects (29)
Scrolls
 c - a scroll of identify {!r, unknown}


   Skills:
 - Level 1.5 Dodging
 - Level 1.5 Stealth
 + Level 3.3 Spellcasting
 - Level 0.7 Conjurations
 * Level 3.4 Air Magic


You had 5 spell levels left.
You knew the following spells:

 Your Spells              Type           Power        Failure   Level  Hunger
a - Shock                 Conj/Air       #...         9%          1    N/A
z - Swiftness             Chrm/Air       #.......     14%         2    N/A

Your spell library contained the following spells:

 Spells                   Type           Power        Failure   Level  Hunger
 Static Discharge         Conj/Air       #.......     24%         3    N/A
 Airstrike                Air            ##........   43%         4    N/A
 Lightning Bolt           Conj/Air       #.........   92%         5    N/A

Dungeon Overview and Level Annotations

Branches:
Dungeon (3/15)

Altars:
Nemelex Xobeh
Xom
Yredelemnul


Innate Abilities, Weirdness & Mutations

You do not eat or drink.
Your flesh is vulnerable to fire.
You are immune to poison.
Your flesh is cold resistant. (rC+)
You are immune to negative energy. (rN+++)
You are immune to unholy pain and torment.
You can survive without breathing.


Message History

Things that are here:
2 tomahawks; an orc corpse
Things that are here:
a whip; a ring mail You see here a club.
You see here 2 tomahawks.
Casting: Shock (safe; 9% risk of failure)
Confirm with . or Enter, or press ? or * to list all spells.
Aiming: Shock (safe; 9% risk of failure)
Press: ? - help, Shift-Dir - straight line, f - orc
Aim: an orc, wielding a flail The zap hits the orc.
The orc is heavily wounded.
The zap hits the orc.
You kill the orc!
You see here a club.
Things that are here:
a flail; a whip; a ring mail
Things that are here:
2 tomahawks; an orc corpse Your magical contamination has completely faded away.
HP restored.
An orc wizard comes into view. It is wielding a dagger.
An orc wizard is nearby!
An orc wizard is nearby!
An orc wizard is nearby!
Casting: Shock (safe; 9% risk of failure)
Confirm with . or Enter, or press ? or * to list all spells.
Aiming: Shock (safe; 9% risk of failure)
Press: ? - help, Shift-Dir - straight line, f - orc wizard
Aim: an orc wizard, wielding a dagger and wearing a robe (hasn't noticed you)
The zap misses the orc wizard. x2
The orc wizard casts a spell at you. The magic dart hits you!
Casting: Shock (safe; 9% risk of failure)
Confirm with . or Enter, or press ? or * to list all spells.
Aiming: Shock (safe; 9% risk of failure)
Press: ? - help, Shift-Dir - straight line, f/p - orc wizard
Aim: an orc wizard, wielding a dagger and wearing a robe The zap hits the orc wizard.
The orc wizard is lightly wounded.
The zap hits the orc wizard.
The orc wizard is heavily wounded.
You closely miss the orc wizard.
The orc wizard is heavily wounded.
The orc wizard barely misses you. The orc wizard closely misses you.
You closely miss the orc wizard.
The orc wizard is heavily wounded.
The orc wizard gestures at you while chanting.
The magic dart hits you!
* * * LOW HITPOINT WARNING * * *
You hit the orc wizard but do no damage.
The orc wizard is heavily wounded.
The orc wizard hits you but does no damage.
You hit the orc wizard.
The orc wizard is heavily wounded.
The orc wizard hits you with a dagger.
* * * LOW HITPOINT WARNING * * *
You closely miss the orc wizard.
The orc wizard is heavily wounded.
The orc wizard gestures at you while chanting.
The magic dart hits you!
You die...

..# ... ...
# #.#.# #.#.
#.#..
#.#o######.#
#.#.@......#
#.#.########
#.#......((#
#.#.....##)#
#.##.##.##)#
#....##.##(#
#######.##.#
.# #.##.#
#.# #.##.#


You could see an orc wizard.

Vanquished Creatures
  An adder (D:2)
  An ooze (D:2)
  4 orcs (D:3)
  2 giant cockroaches
  5 goblins
  3 hobgoblins
  2 ball pythons
  4 bats
  2 frilled lizards
  3 kobolds
  A rat (D:1)
28 creatures vanquished.

Notes
Turn   | Place    | Note
-------+----------+-------------------------------------------
     0 | D:1      | Amnesiac the Mummy Air Elementalist began the quest for the
                  | Orb.
     0 | D:1      | Reached XP level 1. HP: 13/13 MP: 4/4
   306 | D:1      | Reached XP level 2. HP: 19/19 MP: 5/5
   311 | D:1      | Learned a level 2 spell: Swiftness
   407 | D:2      | Found a shimmering altar of Xom.
   581 | D:2      | Found a basalt altar of Yredelemnul.
   653 | D:2      | Found a sparkling altar of Nemelex Xobeh.
   677 | D:2      | Reached XP level 3. HP: 22/24 MP: 1/7
   912 | D:3      | Killed from afar by an orc wizard

Vault maps used:
D:1:      dpeg_arrival_round_a
D:2:      lemuel_coloured_pillars_altar, xom_butterflies,
          yredelemnul_altar_generic, old_standard_altar, first_ration,
          grunt_ministairs_5, minmay_misc_feat_x
D:3:      portal_sewer_entry_e

Skill      XL: |  1  2 |
---------------+-------+-----
Air Magic      | 3 |  3.4
Spellcasting   | 3 |  3.3
Dodging        | |  1.5
Stealth        | |  1.5
Conjurations   | |  0.7

Action                   || total
-------------------------++-------
Melee: Unarmed           ||    13
       Dagger            ||    32
 Cast: Shock             ||    45
Armor: Robe              ||    11
Dodge: Dodged            ||    26

Table legend:
 A = Non-vault XP
 B = Vault XP
 C = Vault XP percentage of total XP
 D = Non-vault monster count
 E = Vault monster count
 F = Vault count percentage of total count
                 A         B        C        D         E       F
            +---------+---------+-------+---------+---------+-------
      Total |      67 |       0 |   0.0 |      28 |       0 |   0.0
            +---------+---------+-------+---------+---------+-------
        D:1 |      20 |       0 |   0.0 |      13 |       0 |   0.0
        D:2 |      34 |       0 |   0.0 |      10 |       0 |   0.0
        D:3 |      13 |       0 |   0.0 |       5 |       0 |   0.0
            +---------+---------+-------+---------+---------+-------
